AoeStats
← bacan4242

Fortress

510163304Analyzed
2v2 RM · 4d ago on Sep 29, 2026· 46m 34s· 4 players
Game mode
Random Map
Map size
Normal (6 player)
Population
200
Speed
Normal
Resources
Standard
Victory
Conquest
Starting age
Dark Age
Ending age
Imperial Age
RankedLock teamsTeams togetherTeam positionsShared explorationLock speedFull tech treeHidden civsTurbo modeCheats
Victory
Defeat
🇪🇬 Hindustanis · Egypt
537
+11
🇺🇦 Byzantines · Ukraine
530
+11
🇹🇷 Khmer · Türkiye
450
-12
🇦🇷 Inca · Argentina
406
-10
bacan4242
1:09 Loom
7:59 Feudal Age
9:19 Wheelbarrow
8:34 Double-Bit Axe
11:48 Horse Collar
20:16 Castle Age
18:46 Gold Mining
18:47 Stone Mining
22:25 Bow Saw
22:59 Hand Cart
23:49 Town Watch
25:34 Stone Shaft Mining
26:38 Caravan
27:09 Coinage
29:26 Heavy Plow
32:34 Gold Shaft Mining
35:01 Fletching
35:11 Padded Archer Armor
35:12 Scale Mail Armor
35:18 Scale Barding Armor
35:24 Forging
36:20 Ballistics
36:12 Fortified Wall
35:53 Heated Shot
35:58 Murder Holes
36:14 Clinker Construction
45:49 Imperial Age
44:17 Bodkin Arrow
44:57 Iron Casting
44:38 Chain Mail Armor
44:39 Leather Archer Armor
P O L K
1:42 Loom
6:32 Feudal Age
7:00 Double-Bit Axe
6:58 Horse Collar
7:26 Gold Mining
12:32 Wheelbarrow
16:04 Castle Age
14:00 Stone Mining
14:31 Town Watch
15:53 Arson
18:40 Bow Saw
18:45 Heavy Plow
20:44 Stone Shaft Mining
26:45 Imperial Age
27:53 Hand Cart
27:13 Elite Skirmisher
31:27 Caravan
31:58 Coinage
31:38 Guilds
35:09 Hoardings
36:01 Banking
35:26 Pikeman
36:06 Squires
37:44 Halberdier
37:51 Crossbowman
41:20 Gold Shaft Mining
41:47 Masonry
41:29 Guard Tower
set-comet49
8:56 Feudal Age
16:16 Castle Age
19:44 Horse Collar
19:55 Double-Bit Axe
20:03 Gold Mining
21:29 Gambesons
21:46 Squires
21:56 Arson
22:25 Heavy Plow
22:42 Bow Saw
24:12 Gold Shaft Mining
23:32 Stone Mining
25:02 Wheelbarrow
30:15 Imperial Age
32:21 Chemistry
34:41 Forging
34:32 Scale Mail Armor
44:48 Elite Varangian Guard
47:18 Iron Casting
46:58 Chain Mail Armor
khaledesmail34569
7:51 Feudal Age
7:06 Loom
13:17 Castle Age
11:27 Horse Collar
11:36 Double-Bit Axe
17:21 Arson
17:37 Squires
17:57 Bow Saw
18:35 Gold Mining
21:13 Heavy Plow
24:25 Grand Trunk Road
24:38 Scale Barding Armor
24:34 Scale Mail Armor
24:45 Forging
28:17 Imperial Age
26:31 Wheelbarrow
26:39 Caravan
27:35 Ballistics
27:44 Hand Cart
28:33 Town Watch
29:32 Conscription
31:07 Two-Man Saw
33:42 Shatagni
33:03 Elite Ghulam
33:51 Husbandry
34:01 Bloodlines
33:37 Heavy Camel Rider
35:02 Iron Casting
34:48 Chain Barding Armor
34:43 Chain Mail Armor
34:35 Town Patrol
35:47 Chemistry
34:54 Siege Engineers
37:12 Thumb Ring
39:55 Blast Furnace
40:39 Imperial Camel Rider
42:53 Plate Barding Armor
42:25 Padded Archer Armor
Connection lost

Rejoining the realm…

Still unreachable

The connection could not be restored.

Session expired

The server has moved on; the page needs a fresh start.